 Dungeon Crawl Stone Soup version bcrawl-1.21.2-28-g2cb1824106 (webtiles) character file.

Game seed: 1752418234451544023

6078 MisterOstroum the Slicer (level 10, -6/61 HPs)
             Began as a Twilight Stalker Archaeologist on Mar 6, 2020.
             Was a Priest of Wu Jian.
             Mangled by a cyclops (22 damage)
             ... on level 8 of the Dungeon.
             The game lasted 00:12:31 (6952 turns).

MisterOstroum the Slicer (VSAc)                     Turns: 6952, Time: 00:12:31

Health: -6/61      AC:  9    Str: 18    XL:     10   Next: 88%
Magic:  11/11      EV: 11    Int: 14    God:    Wu Jian [***...]
Gold:   548        SH:  4    Dex: 12    Spells: 9/9 levels left

rFire    . . .     SeeInvis .   T - +3 short sword (elec)
rCold    . . .     Gourm    .   r - +0 buckler
rNeg     . . .     Faith    .   k - +0 scale mail
rPois    .         Spirit   .   C - +1 hat
rElec    .         Reflect  .   (no cloak)
rCorr    .         Harm     .   (no gloves)
MR       +....                  K - +1 pair of boots
Stlth    +++.......             (no amulet)
HPRegen  0.60/turn              (no ring)
MPRegen  0.12/turn              (no ring)

@: exhausted, drained
A: fangs 3, nightstalker 1, regeneration 1, no potion heal 3, rot immunity,
draining bite, strong jaws, assimilated armour
a: Wall Jump, Serpent's Lash, Renounce Religion


You were on level 8 of the Dungeon.
You worshipped Wu Jian.
Wu Jian was most pleased with you.
You were not hungry.

You visited 1 branch of the dungeon, and saw 8 of its levels.
You also visited: Sewer.

You collected 548 gold pieces.

Inventory:

Hand Weapons
 a - a +2 dagger of venom
 b - a +0 hunting sling
 c - the +9 flail of Offence {freeze, *Noise rF+ rN+ Dex+9}
   (You found it on level 4 of the Dungeon)

   It has been specially enchanted to freeze those struck by it, causing extra
   injury to most foes and up to half again as much damage against particularly
   susceptible opponents.
   It can also slow down cold-blooded creatures.
   It affects your dexterity (+9).
   It protects you from fire.
   It protects you from negative energy.
   It may make noises in combat.
 d - the +7 Singing Sword {slice}
   (You found it on level 4 of the Dungeon)

   It inflicts extra damage upon your enemies.
 N - a +2 whip of electrocution
 T - a +3 short sword of electrocution (weapon)
Missiles
 h - 66 tomahawks
 m - 1374 stones (quivered)
 y - 131 poisoned needles
 z - 776 arrows
 B - 286 bolts
 G - 555 sling bullets
Armour
 k - a +0 scale mail (worn)
 l - a +1 robe
 r - a +0 buckler (worn)
 C - a +1 hat (worn)
 H - a +0 plate armour
 K - a +1 pair of boots (worn)
 S - a cursed +0 pair of gloves
Wands
 D - a wand of paralysis (9)
 O - a wand of polymorph (5)
Scrolls
 f - a scroll of acquirement
 g - 3 scrolls of magic mapping {@r5 !r}
 i - 13 scrolls of identify {unknown}
 p - 6 scrolls of fog {unknown}
 q - 6 scrolls of teleportation {unknown}
 t - a scroll of amnesia {unknown}
 u - 4 scrolls of blinking {unknown}
 w - 5 scrolls of fear {unknown}
 A - 2 scrolls of immolation {unknown}
 F - 2 scrolls of enchant weapon {unknown}
 I - 2 scrolls of remove curse {unknown}
 P - a scroll of brand weapon {unknown}
 Q - a scroll of vulnerability {unknown}
 U - a scroll of enchant armour {unknown}
Potions
 j - a potion of mutation {unknown}
 n - 3 potions of might {unknown}
 o - 8 potions of flight {unknown}
 s - 3 potions of brilliance {unknown}
 v - 3 potions of haste {unknown}
 x - 2 potions of agility {unknown}
 E - 4 potions of heal wounds {@q2 !q}
 J - 2 potions of magic {unknown}
 L - 2 potions of curing {unknown}
 M - a potion of resistance {unknown}
Comestibles
 e - 17 rations {!d}
 R - 11 chunks of flesh


   Skills:
 + Level 6.9(5.9) Fighting
 * Level 8.5(8.2) Short Blades
 * Level 5.9(7.0) Long Blades
 - Level 1.0(0.1) Maces & Flails
 + Level 3.9(2.9) Armour
 + Level 5.6(4.6) Dodging
 - Level 4.4(3.4) Stealth
 - Level 4.0(3.0) Shields


You had 9 spell levels left.
You didn't know any spells.
Your spell library contained the following spells:

 Spells                   Type           Power        Failure   Level  Hunger
 Confuse                  Hex            #.......     97%         3    ####...
 Dazzling Spray           Conj/Hex       #.....       97%         3    ####...
 Petrify                  Tmut/Erth      #.......     100%        4    #####..
 Yara's Violent Unravell  Hex/Tmut       #.........   100%        4    #####..
 Metabolic Englaciation   Hex/Ice        #.........   100%        5    ######.
 Mana Rupture             Conj/Hex       #.........   100%        7    #######


Dungeon Overview and Level Annotations

Branches:
Dungeon (8/12)             Temple (0/1) D:4
   Lair: D:7-9          Orc: D:8-11

Altars:
Ashenzari
Dithmenos
Elyvilon
Fedhas
Kikubaaqudgha
Lugonu
Makhleb
Okawaru
Qazlal
Ru
Wu Jian
Yredelemnul

Shops:
D:4 (   D:5 (   D:8 (


Innate Abilities, Weirdness & Mutations

You have razor-sharp teeth.
You are slightly more attuned to the shadows.
Your natural rate of healing is unusually fast.
Potions cannot restore your health.
You are immune to rotting.
Your bite drains your enemy's life force.
Your bites deal extra damage.
Your stealth is less affected by armour.


Message History

You butcher the centaur corpse.
R - 12 chunks of flesh (gained 5)
Things that are here:
a +2 shortbow of flaming; a centaur skeleton
Things that are here:
a +2 shortbow of flaming; a centaur skeleton
Found a ring mail.
No target in view!
No target in view!
No target in view!
No target in view!
No target in view!
You see here a ring mail.
A two-headed ogre comes into view. It is wielding two +0 giant clubs.
The two-headed ogre shouts in stereo!
A two-headed ogre is nearby!
A two-headed ogre is nearby!
The two-headed ogre closely misses you.
The two-headed ogre hits you with a +0 giant club.
You barely miss the two-headed ogre. Your bite misses the two-headed ogre.
You hit the two-headed ogre.
The two-headed ogre is lightly wounded.
You block the two-headed ogre's attack.
The two-headed ogre hits you with a +0 giant club!
You hit the two-headed ogre.
Lightning courses through the two-headed ogre!
Your bite misses the two-headed ogre.
The two-headed ogre is moderately wounded.
You hit the two-headed ogre.
You bite the two-headed ogre, but do no damage.
The two-headed ogre is heavily wounded.
You block the two-headed ogre's attack.
The two-headed ogre hits you with a +0 giant club!
You are too injured to fight recklessly!
You are too injured to fight recklessly!
You are too injured to fight recklessly!
You are too injured to fight recklessly!
You are too injured to fight recklessly!
You are too injured to fight recklessly!
You are too injured to fight recklessly!
Your muscles tense, ready for explosive movement...
You lunge with incredible momentum at the two-headed ogre, in a flurry of attacks.
You hit the two-headed ogre.
Lightning courses through the two-headed ogre!
You bite the two-headed ogre.
The two-headed ogre is severely wounded.
You hit the two-headed ogre.
Lightning courses through the two-headed ogre!
You blow up the two-headed ogre!
The Council accepts your kill.
You feel drained.
Your supernatural speed expires.
Things that are here:
a +0 giant club x2
There isn't anything to butcher here.
R - 14 chunks of flesh (gained 2)
R - 15 chunks of flesh (gained 1)
You feel less exhausted.
R - 18 chunks of flesh (gained 3) Some of the chunks of flesh in your inventory have rotted away.
Things that are here:
a +0 giant club x2
Some of the chunks of flesh in your inventory have rotted away.
Found a stone staircase leading down.
There is a stone staircase leading down here.
A cyclops comes into view.
A cyclops is nearby!
A cyclops is nearby!
The cyclops throws a large rock.
The large rock hits you!
The cyclops throws a large rock.
The large rock hits you!!
You are too injured to fight recklessly!
You are too injured to fight recklessly!
You are too injured to fight recklessly!
You are too injured to fight recklessly!
You are too injured to fight recklessly!
You are too injured to fight recklessly!
You are too injured to fight recklessly!
You are too injured to fight recklessly!
You are too injured to fight recklessly!
You are too injured to fight recklessly!
You are too injured to fight recklessly!
You are too injured to fight recklessly!
You are too injured to fight recklessly!
You are too injured to fight recklessly!
You are too injured to fight recklessly!
You are too injured to fight recklessly!
You are too injured to fight recklessly!
The cyclops throws a large rock.
The large rock hits you!!
* * * LOW HITPOINT WARNING * * *
Your muscles tense, ready for explosive movement...
You lunge with incredible momentum at the cyclops, in a flurry of attacks.
You hit the cyclops but do no damage. Your bite misses the cyclops.
You puncture the cyclops!
The cyclops is lightly wounded.
You feel drained.
Your supernatural speed expires.
You hit the cyclops but do no damage.
The cyclops is lightly wounded.
You hit the cyclops. You bite the cyclops!
The cyclops is moderately wounded.
The cyclops hits you!!
You die...

#######
#...[..
#.#####
#.#####
#.#....
#############
#.#.##.
#....C@°○...#
#.#.##.
#^#########.#
#.#.##. #.#
#.# #.#.##.
#.##### #.#
#.#.##.
#.....# #.#
#.#.##.
#####.# #.#
#.#)### #.#
#.# #.#.# #.#
#.# #.#.# #.#
#># #.#.##


You could see a cyclops.

Vanquished Creatures
  A hydra (D:8)
  A two-headed ogre (D:8)
  Pikel (D:6)
  Joseph (D:7)
  A centaur skeleton (D:8)
  2 trolls (D:7)
  A slime creature (D:7)
  4 sky beasts
  A slave (D:7)
  An ice beast (D:5)
  4 ogres
  2 centaurs (D:8)
  A big kobold (D:8)
  4 bullfrogs
  Blork the orc (D:6)
  2 scorpions (D:4)
  A wyvern skeleton (D:8)
  5 killer bees (D:7)
  2 howler monkeys (D:4)
  4 crimson imps
  A centaur zombie (D:7)
  A quasit (D:8)
  3 bullfrog skeletons
  5 hounds
  3 jellies
  2 orc priests
  5 orc wizards
  3 iguanas
  11 worker ants
  A killer bee zombie (D:6)
  A hound skeleton (D:6)
  3 gnolls (D:7)
  A river rat (Sewer)
  14 adders
  An ooze (D:3)
  2 adder skeletons
  An adder zombie (D:6)
  6 worms
  3 dart slugs
  10 leopard geckos
  21 orcs
  11 bats
  2 giant cockroaches
  7 goblins
  5 hobgoblins
  2 jackals
  3 quokkas
  5 ball pythons
  9 frilled lizards
  10 kobolds
  7 rats
199 creatures vanquished.

Vanquished Creatures (others)
  A slave (D:6)
  A human (D:5)
  An orc wizard (D:6)
  An orc priest (D:6)
  2 orcs (D:6)
  A ball python (D:6)
  6 fungi (D:4)
13 creatures vanquished.

Grand Total: 212 creatures vanquished

Notes
Turn   | Place    | Note
-------+----------+-------------------------------------------
     0 | D:1      | MisterOstroum the Vine Stalker Archaeologist began the
                  | quest for the Orb.
     0 | D:1      | Reached XP level 1. HP: 11/11 MP: 2/2
    21 | D:1      | Reached skill level 1 in Fighting
   173 | D:1      | Found a shattered altar of Ashenzari.
   179 | D:1      | Reached XP level 2. HP: 17/17 MP: 3/3
   516 | D:1      | Reached XP level 3. HP: 22/22 MP: 4/4
   883 | D:2      | Reached skill level 1 in Short Blades
  1280 | D:2      | Reached XP level 4. HP: 27/27 MP: 5/5
  1429 | D:2      | Found an ornate altar of the Wu Jian Council.
  1429 | D:2      | Found a stormy altar of Qazlal.
  1430 | D:2      | Found a blossoming altar of Fedhas.
  1748 | D:3      | Reached skill level 2 in Short Blades
  1783 | D:3      | Reached XP level 5. HP: 32/32 MP: 6/6
  1783 | D:3      | Identified a scroll of acquirement
  1928 | D:3      | Reached skill level 3 in Short Blades
  2045 | D:3      | Gained mutation: You have razor-sharp teeth. [Vine Stalker
                  | growth]
  2045 | D:3      | Reached XP level 6. HP: 33/38 MP: 7/7
  2117 | D:2      | Found an ancient bone altar of Kikubaaqudgha.
  2117 | D:2      | Found a sacrificial altar of Ru.
  2128 | D:2      | Became a worshipper of the Wu Jian Council
  2331 | D:3      | Found a shadowy altar of Dithmenos.
  2676 | D:4      | Found a staircase to the Ecumenical Temple.
  2747 | D:4      | Got a polished flail
  2778 | D:4      | Identified the +9 flail of Offence {freeze, *Noise rF+ rN+
                  | Dex+9} (You found it on level 4 of the Dungeon)
  2927 | D:4      | Found a glowing drain.
  2957 | D:4      | Reached skill level 4 in Short Blades
  2962 | Sewer    | Entered a sewer
  3128 | Sewer    | Reached * piety under Wu Jian
  3417 | D:4      | Reached XP level 7. HP: 40/43 MP: 8/8
  3540 | D:4      | Found Juitubai's Antique Weapon Shop.
  3545 | D:4      | Reached skill level 1 in Maces & Flails
  3650 | D:4      | Found the +7 Singing Sword {slice}
  3772 | D:4      | Reached skill level 5 in Short Blades
  4044 | D:5      | Entered Level 5 of the Dungeon
  4064 | D:5      | Reached skill level 1 in Shields
  4145 | D:5      | Reached skill level 5 in Fighting
  4145 | D:5      | Gained mutation: Your bite drains your enemy's life force.
                  | [Twilight Stalker growth]
  4145 | D:5      | Gained mutation: Your stealth is less affected by armour.
                  | [Twilight Stalker growth]
  4145 | D:5      | Gained mutation: You are slightly more attuned to the
                  | shadows. [Twilight Stalker growth]
  4145 | D:5      | Reached XP level 8. HP: 44/49 MP: 8/9
  4181 | D:5      | Reached skill level 1 in Armour
  4220 | D:5      | Found a burning altar of Makhleb.
  4233 | D:5      | Reached ** piety under Wu Jian
  4423 | D:5      | Found an ancient bone altar of Kikubaaqudgha.
  4519 | D:5      | Found Xismill's Antique Weapon Boutique.
  4558 | D:5      | Reached skill level 6 in Short Blades
  4558 | D:5      | Reached skill level 1 in Long Blades
  4850 | D:6      | Found a corrupted altar of Lugonu.
  4851 | D:6      | Noticed Blork the orc
  4870 | D:6      | Killed Blork the orc
  4915 | D:6      | Reached XP level 9. HP: 54/55 MP: 10/10
  4937 | D:6      | Noticed Pikel
  4961 | D:6      | Killed Pikel
  5086 | D:6      | Found an iron altar of Okawaru.
  5220 | D:6      | Found a white marble altar of Elyvilon.
  5504 | D:7      | Reached skill level 7 in Short Blades
  5506 | D:7      | Noticed Joseph
  5518 | D:7      | Killed Joseph
  5640 | D:7      | Reached *** piety under Wu Jian
  5896 | D:7      | Found a basalt altar of Yredelemnul.
  5953 | D:7      | Noticed a troll
  6000 | D:7      | Reached XP level 10. HP: 41/61 MP: 11/11
  6326 | D:7      | Reached skill level 5 in Dodging
  6456 | D:8      | Noticed a six-headed hydra
  6465 | D:8      | Killed a six-headed hydra
  6465 | D:8      | Reached skill level 8 in Short Blades
  6465 | D:8      | Reached skill level 5 in Long Blades
  6557 | D:8      | Found Zunashap's Weapon Shoppe.
  6867 | D:8      | Noticed a two-headed ogre
  6884 | D:8      | Killed a two-headed ogre
  6947 | D:8      | Noticed a cyclops
  6952 | D:8      | Mangled by a cyclops

Skill      XL: |  1  2  3  4  5  6  7  8  9 10 |
---------------+-------------------------------+-----
Fighting       | 1 2 3 4 5 6 |  6.9
Short Blades   | 1 2 3 4 5 6 7 8 |  8.5
Maces & Flails | 1 |  1.0
Shields        | 1 2 3 4 |  4.0
Armour         | 1 3 |  3.9
Long Blades    | 2 4 5 |  5.9
Dodging        | 4 5 |  5.6
Stealth        | |  4.4

Action                   |  1- 3 |  4- 6 |  7- 9 | 10-12 || total
-------------------------+-------+-------+-------+-------++-------
Melee: Whip              |    77 |       |       |       ||    77
       Bite              |    15 |    29 |    64 |    36 ||   144
       Dagger            |    98 |   125 |   140 |    74 ||   437
       Short sword       |       |   173 |       |    21 ||   194
       Flail             |       |    20 |    64 |       ||    84
       Double sword      |       |       |    34 |       ||    34
 Fire: Hunting sling     |       |    19 |       |       ||    19
Throw: Stone             |       |     2 |     3 |     1 ||     6
Invok: Lunge             |       |     9 |    21 |    11 ||    41
       Whirlwind         |       |     5 |     6 |     8 ||    19
 Abil: Serpent's Lash    |       |       |     1 |     3 ||     4
 Stab: Sleeping          |     2 |     3 |     7 |     8 ||    20
       Distracted        |       |     3 |     1 |     1 ||     5
       Invisible         |       |       |     8 |       ||     8
  Eat: Chunk             |     1 |     8 |     8 |     3 ||    20
Armor: Robe              |    33 |    43 |       |       ||    76
       Scale mail        |    56 |    29 |    62 |    13 ||   160
Dodge: Dodged            |   127 |   149 |    80 |    30 ||   386
Block: Buckler           |     4 |    29 |    40 |     8 ||    81
